 Dungeon Crawl Stone Soup version 0.21.1-1-g345015fe64 (webtiles) character file.

37 Naru the Firebug (level 3, 0/33 HPs)
             Began as an Ogre Fire Elementalist on June 12, 2018.
             Succumbed to an adder's poison
             ... on level 2 of the Dungeon.
             The game lasted 00:03:32 (1119 turns).

Naru the Firebug (Ogre Fire Elementalist)           Turns: 1119, Time: 00:03:32

Health: 0/33       AC:  3    Str:  9 (12) XL:     3   Next: 41%
Magic:  4/7        EV: 15    Int: 19 (22) God:
Gold:   96         SH:  0    Dex: 13 (14) Spells: 1/7 levels left

rFire    . . .     SeeInvis .   m - +0 trident
rCold    + . .     Gourm    .   (no shield)
rNeg     . . .     Faith    .   a - +0 robe
rPois    .         Spirit   .   (helmet restricted)
rElec    .         Reflect  .   (no cloak)
rCorr    .         Harm     .   (gloves unavailable)
MR       .....                  (boots unavailable)
Stlth    +++.......             f - amulet of rage
HPRegen  0.11/turn              i - ring of protection from cold
MPRegen  0.10/turn              (no ring)

@: brilliant, agile, lethally poisoned (0 -> -15)
A: large, unfitting armour, tough skin 1
a: Evoke Berserk Rage


You were on level 2 of the Dungeon.
You were not hungry.

You visited 1 branch of the dungeon, and saw 2 of its levels.

You collected 96 gold pieces.

Inventory:

Hand Weapons
 d - a +0 dagger
 m - a +0 trident (weapon)
Missiles
 j - 3 large rocks (quivered)
Armour
 a - a +0 robe (worn)
Jewellery
 f - an amulet of rage (around neck)
 i - a ring of protection from cold (left hand)
Scrolls
 e - a scroll of fog {unknown}
 g - 2 scrolls of immolation {unknown}
 h - a scroll of magic mapping {unknown}
 n - a scroll of fear {unknown}
Books
 b - a book of Flames

   Spells                             Type                      Level
   a - Flame Tongue                   Conjuration/Fire             1
   b - Throw Flame                    Conjuration/Fire             2
   c - Conjure Flame                  Conjuration/Fire             3
   d - Inner Flame                    Hexes/Fire                   3
   e - Sticky Flame                   Conjuration/Fire             4
   f - Fireball                       Conjuration/Fire             5
Comestibles
 c - 2 rations


   Skills:
 * Level 1.0 Fighting
 + Level 0.2 Short Blades
 - Level 1.7 Dodging
 - Level 1.4 Stealth
 * Level 2.8 Spellcasting
 * Level 1.4 Conjurations
 * Level 3.3 Fire Magic


You had one spell level left.
You knew the following spells:

 Your Spells              Type           Power        Failure   Level  Hunger
a - Flame Tongue          Conj/Fire      ###..        1%          1    None
b - Throw Flame           Conj/Fire      ###...       1%          2    ##.....
c - Conjure Flame         Conj/Fire      ###.....     2%          3    ###....


Dungeon Overview and Level Annotations

Branches:
Dungeon (2/15)

Altars:


Innate Abilities, Weirdness & Mutations

You are too large for most types of armour.
You have tough skin. (AC +1)


Message History

The rat closely misses you.
It was a potion of degeneration.
There was something very wrong with that liquid.
You feel weakened.
You feel dopey.
You feel clumsy.
* * * LOW HITPOINT WARNING * * *
You feel sick. The adder closely misses you. The rat misses you.
It was a potion of brilliance.
You feel clever all of a sudden.
* * * LOW HITPOINT WARNING * * *
You feel sick. The adder misses you. The adder closely misses you.
The rat misses you.
Casting: Throw Flame
Confirm with . or Enter, or press ? or * to list all spells.
Aiming: Throw Flame
Press: ? - help, Shift-Dir - straight line, f/p - adder
Aim: an adder (severely wounded)
The puff of flame hits the adder.
You kill the adder!
Your Fighting skill increases to level 1!
You die...

#.....#..###
#...........
#........#.. #.
##.......#.#. .. ###.
#......#._.# .# ##...
#.......#.# .# ##..#
##........#..
.####..#####....†[......
##.....#........@r..###.
##.......#..##.......#
..)...###..#...#####.#
#.....)............ ...
#(.####..#..####### ..#
..## #.....## .. ..#
#...#### ### ..### # ..


You could see a rat.

Vanquished Creatures
  An adder (D:2)
  A dart slug (D:1)
  2 leopard geckos
  5 bats
  A giant cockroach (D:1)
  A goblin (D:1)
  4 hobgoblins
  3 frilled lizards (D:1)
  5 kobolds
  3 rats (D:1)
26 creatures vanquished.

Notes
Turn   | Place    | Note
-------+----------+-------------------------------------------
     0 | D:1      | Naru the Ogre Fire Elementalist began the quest for the Orb.
     0 | D:1      | Reached XP level 1. HP: 16/16 MP: 3/3
    71 | D:1      | Reached skill level 1 in Conjurations
   365 | D:1      | Reached XP level 2. HP: 26/26 MP: 3/5
   542 | D:1      | Reached skill level 3 in Fire Magic
   966 | D:2      | Reached XP level 3. HP: 29/32 MP: 0/7
  1029 | D:2      | Learned a level 2 spell: Throw Flame
  1097 | D:2      | Found a faded altar of an unknown god.
  1104 | D:2      | Learned a level 3 spell: Conjure Flame
  1118 | D:2      | HP: 1/32 [poisoned by an adder]
  1119 | D:2      | Reached skill level 1 in Fighting
  1119 | D:2      | Succumbed to an adder's poison

Skill      XL: |  1  2  3 |
---------------+----------+-----
Conjurations   | 1 |  1.4
Fire Magic     | 3 |  3.3
Fighting       | 1 |  1.0
Short Blades   | |  0.2
Dodging        | |  1.7
Stealth        | |  1.4
Spellcasting   | |  2.8

Action                   || total
-------------------------++-------
Melee: Dagger            ||    24
       Unarmed           ||     2
       Trident           ||     9
 Cast: Flame Tongue      ||    27
       Throw Flame       ||     5
  Use: Scroll            ||     2
       Potion            ||     3
  Eat: Ration            ||     1
Armor: Robe              ||    18
Dodge: Dodged            ||    33
